 Dungeon Crawl Stone Soup version 0.30-a0-29-g142975f185 (webtiles) character file.

Game seed: 2719309298774452554

7305 timneilson the Blocker (level 11, -18/66 HPs)
             Began as a Gargoyle Fighter on Aug 27, 2022.
             Was an Elder of Okawaru.
             Demolished by an enormous slime creature (76 damage)
             ... on level 9 of the Dungeon.
             The game lasted 00:22:44 (11870 turns).

timneilson the Blocker (Gargoyle Fighter)          Turns: 11870, Time: 00:22:45

Health: -18/66     AC: 24    Str: 23    XL:     11   Next: 13%
Magic:  8/14       EV: 11    Int: 10    God:    Okawaru [****..]
Gold:   528        SH:  7    Dex:  9    Spells: 10/10 levels left

rFire   . . .      SeeInvis .    u - +4 scimitar (vorpal)
rCold   + . .      Faith    .    c - +0 buckler
rNeg    + . .      Spirit   .    i - +0 chain mail
rPois   ∞          Reflect  .    g - +0 helmet
rElec   +          Harm     .    x - +0 cloak {Will+}
rCorr   .          Rampage  .    (no gloves)
Will    +....                    (no boots)
Stlth   ..........               (no amulet)
HPRegen 0.21/turn                f - +4 ring of slaying
MPRegen 0.14/turn                m - ring of protection from cold

@: heroic, finesse-ful
A: sickness immunity, AC +8, negative energy resistance 1, electricity
resistance, torment resistance 1, petrification resistance
a: Renounce Religion, Heroism, Finesse


You were on level 9 of the Dungeon.
You worshipped Okawaru.
Okawaru was greatly pleased with you.
You visited 2 branches of the dungeon, and saw 10 of its levels.
You also visited: Ossuary.

You collected 528 gold pieces.

Inventory:

Hand Weapons
 a - a +0 long sword
 u - a +4 vorpal scimitar (weapon)
Armour
 c - a +0 buckler (worn)
 g - a +0 helmet (worn)
 i - a +0 chain mail (worn)
 x - a +0 cloak of willpower (worn)
Jewellery
 f - a +4 ring of slaying (left hand)
 m - a ring of protection from cold (right hand)
 G - a ring of see invisible
 H - an amulet of reflection
Wands
 b - a wand of paralysis (4)
 n - a wand of mindburst (4)
 C - a wand of acid (6)
 D - a wand of flame (13)
 E - a wand of roots (10)
Scrolls
 d - 2 scrolls of fog
 h - 3 scrolls of amnesia
 l - 3 scrolls of magic mapping
 o - 2 scrolls of teleportation
 t - a scroll of brand weapon
 v - a scroll of enchant weapon
 y - 2 scrolls of blinking
Potions
 e - a potion of might
 j - 2 potions of cancellation
 k - 3 potions of mutation
 p - 2 potions of invisibility
 q - 2 potions of ambrosia
 r - 2 potions of attraction
 s - 6 potions of lignification
 w - 2 potions of flight {unknown}
 z - a potion of experience {unknown}
 A - a potion of resistance {unknown}
 B - a potion of magic {unknown}
 F - a potion of berserk rage {unknown}


   Skills:
 + Level 6.8(11.8) Fighting
 * Level 7.3(12.3) Long Blades
 * Level 9.1(14.1) Armour
 + Level 4.3(9.3) Dodging
 * Level 9.2(14.2) Shields
 + Level 4.8 Invocations
 + Level 4.3 Evocations


You had 10 spell levels left.
You didn't know any spells.
Your spell library contained the following spells:

 Spells                   Type           Power      Damage    Failure   Level
 Apportation              Tloc           0%         N/A       90%         1
 Necrotise                Necr           0%         1d4       90%         1
 Summon Small Mammal      Summ           Unusable   N/A       N/A         1

Dungeon Overview and Level Annotations

Branches:
Dungeon (9/15)             Temple (1/1) D:6            Lair (0/5) D:8
    Orc (0/2) D:9         Ossuary (visited)

Altars:
Ashenzari
Cheibriados
Dithmenos
Elyvilon
Fedhas
Gozag
Hepliaklqana
Makhleb
Nemelex Xobeh
Okawaru
Qazlal
Ru
Sif Muna
Trog
Uskayaw
Vehumet
Wu Jian
Xom
Yredelemnul
Zin
The Shining One

Shops:
D:2 [

Annotations:
D:5 3 runed translucent doors, logorrheac's ghost, amateur GnWn


Innate Abilities, Weirdness & Mutations

You are immune to sickness and miasma.
Your stone body is resilient. (AC +8)
You are immune to poison.
You resist negative energy. (rN+)
You are resistant to electric shocks. (rElec)
You are resistant to unholy torment.
You are immune to petrification.


Message History

You slash the slime creature!
The slime creature is moderately wounded.
A slime creature comes into view.
The slime creature closely misses you.
The slime creature quivers.
You slice the slime creature!!
The slime creature is severely wounded.
You slash the slime creature!
You kill the slime creature!
Okawaru accepts your kill.
You slash the slime creature!
The slime creature is lightly wounded.
You block the slime creature's attack.
You barely miss the slime creature.
The slime creature is lightly wounded.
A slime creature comes into view.
You block the slime creature's attack.
You barely miss the slime creature.
The slime creature is lightly wounded.
You block the slime creature's attack.
You slice the slime creature!!
The slime creature is heavily wounded.
Two slime creatures merge to form a large slime creature.
You see here a howler monkey corpse.
Two slime creatures merge to form a very large slime creature.
You can now deal lightning-fast blows.
You feel more confident with your borrowed prowess.
Two slime creatures merge to form an enormous slime creature.
Unknown command.
There is a stone staircase leading up here.
You slash the enormous slime creature!
The enormous slime creature is lightly wounded.
You block the enormous slime creature's attack.
You slash the enormous slime creature!
The enormous slime creature is lightly wounded.
You slash the enormous slime creature!
The enormous slime creature is moderately wounded.
The enormous slime creature hits you!!!!
Ouch! That really hurt!
You die...

############# #
#...........# #
#...........# ####### #
#...........# ......#
####...........##......#
...............#.......#
...............#@......#
......##########J....>.#
.......................+
......##########.......#
......# #.......#
......# #######.......#
......# #...........###
####### #..............
#)...........##


You could see an enormous slime creature.

Vanquished Creatures
  A two-headed ogre (D:7)
  An unseen horror (D:7)
  Maggie (D:8)
  A hornet (D:7)
  A slime creature (D:9)
  Sigmund (D:2)
  2 wraiths (Ossuary)
  6 yaks (D:8)
  3 steam dragons
  3 water moccasins
  2 orc warriors
  An ice beast (D:6)
  2 black bears (D:8)
  A sky beast (D:7)
  2 ogres (D:5)
  2 centaurs
  A phantom (D:6)
  6 bullfrogs
  4 necrophages
  3 scorpions
  11 wights
  6 killer bees (D:8)
  5 howler monkeys
  5 orc priests
  5 hounds
  2 gnoll boudas
  Crazy Yiuf (D:6)
  5 iguanas
  6 orc wizards
  18 gnolls
  7 adders
  2 white imps
  3 ufetubi (D:4)
  A worm (D:5)
  2 dart slugs
  23 orcs
  6 ball pythons
  3 bats
  4 endoplasms
  2 giant cockroaches
  6 hobgoblins
  4 kobolds
  9 quokkas
  A ball python skeleton (Ossuary)
  A frilled lizard (D:3)
  6 goblins
  2 hobgoblin skeletons (Ossuary)
  2 hobgoblin zombies (Ossuary)
  An orc skeleton (Ossuary)
  An orc zombie (Ossuary)
  A quokka zombie (D:7)
  4 rats
  A rat zombie (D:7)
200 creatures vanquished.

Vanquished Creatures (others)
  3 fungi (D:8)
  2 plants (D:8)
  3 withered plants (D:3)
8 creatures vanquished.

Grand Total: 208 creatures vanquished

Notes
Turn   | Place    | Note
-------+----------+-------------------------------------------
     0 | D:1      | timneilson the Gargoyle Fighter began the quest for the
                  | Orb.
     0 | D:1      | Reached XP level 1. HP: 14/14 MP: 1/1
   511 | D:1      | Reached XP level 2. HP: 18/19 MP: 2/2
  1183 | D:1      | Found a faded altar of an unknown god.
  1491 | D:2      | Reached XP level 3. HP: 5/23 MP: 3/3
  1776 | D:2      | Found the +8 trident of the Octopus King {venom, rElec
                  | rPois}
  1825 | D:2      | Noticed Sigmund
  1842 | D:2      | Killed Sigmund
  1843 | D:2      | Reached skill level 1 in Dodging
  1843 | D:2      | Reached XP level 4. HP: 19/29 MP: 4/4
  1843 | D:2      | Reached XP level 5. HP: 21/33 MP: 5/5
  2029 | D:2      | Identified the +1 leather armour of Loss {Dex+6}
  2361 | D:2      | Found Siozut's Armour Emporium.
  2524 | D:3      | Identified the +5 sling of the Apocalypse {vorpal, Fly rF+
                  | Str+3 Stlth-}
  2542 | D:3      | Found a basalt altar of Yredelemnul.
  2576 | D:3      | Reached XP level 6. HP: 8/38 MP: 6/6
  2804 | D:3      | Found an opulent altar of Gozag.
  3735 | D:4      | Reached skill level 5 in Armour
  3735 | D:4      | Reached skill level 5 in Shields
  4132 | D:4      | Reached XP level 7. HP: 38/43 MP: 7/7
  4299 | D:4      | Reached skill level 1 in Evocations
  4853 | D:5      | Entered Level 5 of the Dungeon
  5443 | D:5      | Found an iron altar of Okawaru.
  5448 | D:5      | Became a worshipper of Warmaster Okawaru
  5502 | D:4      | Reached XP level 8. HP: 14/48 MP: 8/8
  6124 | D:5      | Reached skill level 1 in Invocations
  6264 | D:5      | Found a runed translucent gate.
  6264 | D:5      | Found a runed translucent gate.
  6269 | D:5      | Found a runed translucent gate.
  6269 | D:5      | Noticed logorrheac's ghost (amateur GnWn)
  6305 | D:5      | Found a snail-covered altar of Cheibriados.
  6368 | D:5      | Found a shimmering blue altar of Sif Muna.
  6717 | D:6      | Found a staircase to the Ecumenical Temple.
  6725 | Temple   | Entered the Ecumenical Temple
  6999 | D:6      | Reached * piety under Okawaru
  7162 | D:5      | Reached skill level 5 in Fighting
  7337 | D:6      | Found a sacrificial altar of Ru.
  7561 | D:6      | Reached skill level 5 in Long Blades
  7704 | D:6      | Reached XP level 9. HP: 54/54 MP: 10/10
  8100 | D:6      | Found a white marble altar of Elyvilon.
  8282 | D:6      | Found a runed translucent door.
  8283 | D:6      | Noticed Crazy Yiuf
  8288 | D:6      | Killed Crazy Yiuf
  8922 | D:7      | Noticed a two-headed ogre
  8929 | D:7      | Killed a two-headed ogre
  8929 | D:7      | Reached ** piety under Okawaru
  9108 | D:7      | Found a sand-covered staircase.
  9146 | Ossuary  | Entered an ossuary
  9346 | Ossuary  | Reached XP level 10. HP: 60/60 MP: 12/12
  9701 | D:7      | Killed an unseen horror
  9701 | D:7      | Reached *** piety under Okawaru
 10054 | D:7      | Found a shadowy altar of Dithmenos.
 10376 | D:8      | Found a staircase to the Lair.
 10937 | D:8      | Found a bloodstained altar of Trog.
 11404 | D:8      | Noticed Maggie
 11416 | D:8      | Killed Maggie
 11416 | D:8      | Reached **** piety under Okawaru
 11513 | D:8      | Reached XP level 11. HP: 58/66 MP: 14/14
 11760 | D:9      | Found a burning altar of Makhleb.
 11765 | D:9      | Found a sparkling altar of Nemelex Xobeh.
 11814 | D:9      | Found a staircase to the Orcish Mines.
 11870 | D:9      | Demolished by an enormous slime creature

Illustrated notes

Levels and vault maps discovered:
D:1:      matt_arrival_grand_opening, layout_basic,
          dreamdust_ecumenical_altar_hidden_monk_grotto
D:2:      layout_loops_ring, serial_shops, nicolae_shop_behind_doors,
          uniq_sigmund
D:3:      layout_loops_ring, grunt_gozag_statues, yredelemnul_altar_generic,
          hangedman_feature_mirror
D:4:      layout_basic, kennysheep_generic_room_6
D:5:      layout_rooms, slow_altar_2, mainiacjoe_overflow_24_doors,
          mainiacjoe_overflow_cross_hatched, ebering_ghost_rock_garden,
          kennysheep_generic_room_11
D:6:      layout_layer_cave, amcnicky_altar_gilded, elyvilon_altar_4,
          minmay_temple_entry_stoned_glass, uniq_crazy_yiuf_cottage
D:7:      layout_basic, kennysheep_mini, enter_ossuary_4
D:8:      layout_loops_cross, trog_ov_bears_minmay, dpeg_oklobed_lair,
          uniq_maggie
D:9:      nicolae_cairo_tiling, layout_basic, mainiacjoe_overflow_big_doors,
          orc_0_dummy
Temple:   nicolae_temple_bog_church

Skill      XL: |  1  2  3  4  5  6  7  8  9 10 11 |
---------------+----------------------------------+-----
Long Blades    | 2 3 4 5 6 7 |  7.3
Armour         | 4 5 6 7 8 9 |  9.1
Dodging        | 1 2 3 4 |  4.3
Shields        | 4 5 6 7 9 |  9.2
Fighting       | 4 5 6 |  6.8
Evocations     | 1 2 3 4 |  4.3
Invocations    | 2 3 4 |  4.8

Action                   |  1- 3 |  4- 6 |  7- 9 | 10-12 || total
-------------------------+-------+-------+-------+-------++-------
Melee: Long sword        |    73 |   182 |   117 |       ||   372
       Scimitar          |       |       |   203 |   241 ||   444
Invok: Heroism           |       |       |     2 |     8 ||    10
       Finesse           |       |       |       |     1 ||     1
  Use: Scroll            |     4 |     5 |     9 |     4 ||    22
       Potion            |     1 |     3 |     3 |       ||     7
Armor: Scale mail        |    41 |     3 |       |       ||    44
       Chain mail        |       |   112 |   216 |   149 ||   477
Dodge: Dodged            |    38 |    59 |   143 |   103 ||   343
Block: Buckler           |    17 |    36 |    80 |    74 ||   207

Table legend: (Time is in decaauts)
 A = Elapsed time spent in this place.
 B = Non-inter-level travel time spent in this place.
 C = Inter-level travel time spent in this place.
 D = Time resting spent in this place.
 E = Time spent auto-exploring this place.
 F = Levels seen in this place.
 G = Mean time per level.
                   A        B        C        D        E       F      G
               +--------+--------+--------+--------+--------+-----+--------+
         Total |  12024 |  11771 |    253 |   1414 |   7540 |  11 | 1093.1 |
       Dungeon |  11285 |  11052 |    233 |   1125 |   7332 |   9 | 1253.9 |
        Temple |    208 |    188 |     20 |      0 |    177 |   1 |  208.0 |
       Ossuary |    531 |    531 |      0 |    289 |     31 |   1 |  531.0 |
               +--------+--------+--------+--------+--------+-----+--------+

Top non-repeatable levels by time:
     D:4: 1779 daAuts
     D:6: 1702 daAuts
     D:1: 1465 daAuts
     D:5: 1386 daAuts
     D:3: 1290 daAuts
     D:7: 1270 daAuts
     D:8: 1200 daAuts
     D:2: 1036 daAuts
 Ossuary: 531 daAuts
  Temple: 208 daAuts
     D:9: 153 daAuts
